 Dungeon Crawl Stone Soup version 0.26-a0-812-g31a745ddcd (webtiles) character file.

Game seed: 7196290448281421042

17864 kae the Grappler (level 12, -3/81 HPs)
             Began as a Tengu Transmuter on Nov 18, 2020.
             Was a High Priest of Hepliaklqana.
             Slain by a swamp worm (21 damage)
             ... on level 2 of the Lair of Beasts.
             The game lasted 00:17:37 (19142 turns).

kae the Grappler (Tengu Transmuter)                Turns: 19142, Time: 00:17:38

Health: -3/81      AC: 10    Str: 17    XL:     12   Next: 52%
Magic:  15/19      EV: 22    Int: 13    God:    Hepliaklqana [*****.]
Gold:   852        SH:  0    Dex: 14    Spells: 6/19 levels left

rFire    x . .     SeeInvis .     - Unarmed
rCold    + + +     Faith    .   (shield currently unavailable)
rNeg     . . .     Spirit   .   (armour currently unavailable)
rPois    +         Reflect  .   (helmet currently unavailable)
rElec    .         Harm     .   (cloak currently unavailable)
rCorr    .         Rampage  .   (gloves currently unavailable)
MR       .....                  (boots unavailable)
Stlth    +.........             (no amulet)
HPRegen  0.23/turn              j - +4 ring of protection
MPRegen  0.16/turn              e - +4 ring of evasion

@: ice-form, flying quickly and evasively, quick
A: large, reduced essence, able to fly
a: Stop Flying, End Transformation, Recall Ancestor, Ancestor Identity,
Transference, Idealise, Renounce Religion


You were on level 2 of the Lair of Beasts.
You worshipped Hepliaklqana.
Hepliaklqana was extremely pleased with you.
You were a creature of crystalline ice.
You visited 3 branches of the dungeon, and saw 14 of its levels.
You also visited: Sewer and Ossuary.

You collected 949 gold pieces.
You spent 97 gold pieces at shops.

Inventory:

Armour
 a - a +0 robe (melded)
 b - a +1 pair of gloves (melded)
Jewellery
 e - a +4 ring of evasion (right front paw)
 j - a +4 ring of protection (left front paw)
 l - an uncursed ring of resist corrosion
 o - an uncursed ring of protection from cold
 r - a +6 ring of intelligence
 A - an uncursed ring of ice
 D - an uncursed ring of ice
 I - an uncursed ring of wizardry
 M - an uncursed ring of ice
 N - an uncursed ring of protection from magic
Wands
 k - a wand of flame (38)
 B - a wand of polymorph (21)
 H - a wand of digging (4)
 K - a wand of iceblast (12)
Scrolls
 c - 2 scrolls of enchant weapon
 m - 10 scrolls of teleportation
 n - a scroll of magic mapping
 p - 9 scrolls of remove curse
 s - 2 scrolls of amnesia
 w - 2 scrolls of enchant armour
 y - 2 scrolls of fear
 C - 2 scrolls of fog
 E - 2 scrolls of blinking
 F - 6 scrolls of identify
 J - a scroll of brand weapon
Potions
 d - 5 potions of curing
 f - 3 potions of haste
 g - 7 potions of mutation
 h - 3 potions of heal wounds
 i - a potion of ambrosia
 q - 2 potions of attraction
 t - 2 potions of resistance
 u - 4 potions of lignification
 v - a potion of berserk rage
 x - 5 potions of brilliance
 z - a potion of magic
 G - a potion of might
 L - a potion of cancellation


   Skills:
 + Level 9.2 Fighting
 + Level 9.4 Dodging
 - Level 11.0 Unarmed Combat
 - Level 4.0 Spellcasting
 - Level 10.0 Transmutations
 - Level 4.0 Ice Magic


You had 6 spell levels left.
You knew the following spells:

 Your Spells              Type           Power        Failure   Level
a - Beastly Appendage     Tmut           ####..       1%          1
b - Spider Form           Tmut/Pois      ###.......   8%          3
c - Blade Hands           Tmut           ####......   10%         5
d - Ice Form              Ice/Tmut       ###.....     12%         4

Your spell library contained the following spells:

 Spells                   Type           Power        Failure   Level
 Wereblood                Tmut           ####....     1%          2
 Sting                    Tmut/Pois      ###.         2%          1
 Freeze                   Ice            ##..         4%          1
 Frozen Ramparts          Ice            ##....       12%         3
 Ozocubu's Armour         Ice            ##......     12%         3
 Ensorcelled Hibernation  Hex/Ice        #.....       14%         2
 Animate Skeleton         Necr           #.....       21%         1
 Apportation              Tloc           #.....       21%         1
 Corona                   Hex            #......      21%         1
 Foxfire                  Conj/Fire      #...         21%         1
 Sandblast                Erth           #.....       21%         1
 Shock                    Conj/Air       #...         21%         1
 Summon Small Mammal      Summ           #...         21%         1
 Swiftness                Air            #.......     30%         2
 Static Discharge         Conj/Air       #.......     52%         3
 Hailstorm                Conj/Ice       #.......     65%         4
 Summon Ice Beast         Ice/Summ       #.......     65%         4
 Airstrike                Air            #.........   90%         4
 Summon Lightning Spire   Summ/Air       #.......     90%         4
 Borgnjor's Vile Clutch   Necr/Erth      #.........   99%         5
 Lightning Bolt           Conj/Air       #.........   99%         5
 Silence                  Hex/Air        #.........   99%         5
 Conjure Ball Lightning   Conj/Air       #.........   100%        6
 Shadow Creatures         Summ           N/A          100%        6
 Tornado                  Air            #.........   100%        9


Dungeon Overview and Level Annotations

Branches:
Dungeon (11/15)            Temple (1/1) D:5            Lair (2/6) D:10
  Swamp (0/4) Lair:2        Snake (0/4) Lair:2          Orc (0/2) D:10
  Sewer (visited)         Ossuary (visited)

Altars:
Ashenzari
Cheibriados
Dithmenos
Elyvilon
Fedhas
Gozag
Hepliaklqana
Kikubaaqudgha
Makhleb
Nemelex Xobeh
Okawaru
Qazlal
Ru
Sif Muna
Trog
Uskayaw
Vehumet
Wu Jian
Xom
Yredelemnul
Zin
The Shining One

Shops:
D:6 *

Annotations:
D:6 exclusion: cyclops
D:7 3 runed translucent doors, Kuinu's ghost, novice MiBe
Lair:2 exclusion: ice statue


Innate Abilities, Weirdness & Mutations

((You have a beak for a mouth.))
((You have claws for feet.))
You can fly continuously.
Your life essence is reduced to manifest your ancestor. (-10% HP)


Message History

Found a staircase to the Swamp.
The swamp worm fires a harpoon shot at you.
The harpoon shot hits you!!
You are yanked forward by the harpoon shot.
Casting: Ice Form (dangerous; 12% risk of failure)
Confirm with . or Enter, or press ? or * to list all spells.
You turn into a creature of crystalline ice.
Your +1 pair of gloves melds into your body.
Your +0 robe melds into your body.
The swamp worm misses you. The swamp worm closely misses you.
The swamp worm bites you!
You are too injured to fight recklessly!
You are too injured to fight recklessly!
You are too injured to fight recklessly!
You are too injured to fight recklessly!
You barely miss the swamp worm. The swamp worm bites you!
You barely miss the swamp worm. The swamp worm bites you!
* * * LOW HITPOINT WARNING * * *
You barely miss the swamp worm. The ice beast closely misses you.
The swamp worm bites you!!
You die...

..# .## ♣♣♣♣ .# ♣♣§§♣
.### ###### ♣§§§♣
...#####.#..#♣♣§§§♣
.............♣§§§§♣
....###.R####♣ ≈§§ #
#P..# ###.###♣♣♣w♣♣♣.#
....## #..#P..♣Y....#
P....# ##......RYP.#.≈#
....## #⌠.≈.≈.......≈≈.
....## #.≈≈≈≈.≈...≈.≈≈≈
.....####≈.≈≈.≈.≈.≈≈≈.≈≈
......##.≈≈≈...≈≈≈≈≈...≈
....P#.#..≈.≈(≈.≈≈≈≈≈.≈.
...........≈≈≈≈≈≈≈≈≈≈≈≈≈
...........≈≈≈≈≈≈≈≈≈≈≈≈


You could see the friendly Jabu the hexer, a swamp worm and an ice beast.

Vanquished Creatures
  Fannar (D:11)
  Harold (Lair:1)
  Erolcha (D:11)
  A two-headed ogre (D:8)
  Sonja (Lair:2)
  Nergalle (Lair:2)
  Pikel (D:7)
  3 cane toads
  2 komodo dragons (Lair:2)
  A freezing wraith (Lair:2)
  3 polar bears (Lair:2)
  A hornet (D:11)
  3 blink frogs (Lair:1)
  3 wyverns
  7 yaks
  Grum (D:9)
  7 nagas (Lair:2)
  7 water moccasins
  Duvessa (D:5)
  2 sky beasts
  6 ice beasts (Lair:2)
  2 black bears
  6 orc warriors
  An ogre (D:9)
  3 phantoms (D:9)
  3 wolves (D:8)
  A necrophage (D:5)
  10 centaurs
  3 big kobolds
  4 lemures
  9 bullfrogs
  Dowan (D:5)
  4 scorpions
  2 howler monkeys
  6 wights
  9 electric eels
  2 jellies
  A centaur zombie (D:9)
  5 hounds
  2 centaur skeletons
  A gnoll shaman (D:10)
  10 orc priests
  Ijyb (D:5)
  9 orc wizards
  A bullfrog skeleton (D:5)
  Natasha (thrice) (D:2)
  A hexer (D:9)
  5 iguanas
  8 worker ants
  4 big kobold zombies (Ossuary)
  2 mummies (Ossuary)
  2 worker ant zombies (D:11)
  Robin (D:2)
  16 gnolls
  2 howler monkey skeletons (D:6)
  18 adders
  3 river rats
  A shadow imp (D:9)
  4 white imps
  2 ufetubi
  An ooze (D:2)
  10 adder zombies
  5 worms
  2 dart slugs (D:1)
  4 leopard geckos
  49 orcs
  4 ball pythons
  3 giant cockroaches
  15 goblins
  17 hobgoblins
  5 jackals
  20 kobolds
  8 quokkas
  12 bats
  7 frilled lizards
  5 gnoll zombies (Ossuary)
  10 hobgoblin zombies (Ossuary)
  4 kobold zombies (Ossuary)
  A leopard gecko skeleton (D:5)
  2 orc zombies (Ossuary)
  2 quokka skeletons (D:8)
  17 rats
425 creatures vanquished.

Vanquished Creatures (collateral kills)
  A water moccasin (D:6)
  An ogre (D:6)
  3 bullfrogs
  A howler monkey (D:8)
  An orc wizard (D:9)
  An orc priest (D:5)
  2 hound zombies
  A shadow imp (D:6)
  5 orcs
  A goblin (D:5)
  2 hobgoblins (D:5)
  2 kobolds
21 creatures vanquished.

Vanquished Creatures (others)
  A hexer (D:8)
  An ancestor (D:5)
  7 fungi
  8 plants
17 creatures vanquished.

Grand Total: 463 creatures vanquished

Notes
Turn   | Place    | Note
-------+----------+-------------------------------------------
     0 | D:1      | kae the Tengu Transmuter began the quest for the Orb.
     0 | D:1      | Reached XP level 1. HP: 12/12 MP: 4/4
   384 | D:1      | Reached XP level 2. HP: 16/16 MP: 4/6
  1004 | D:1      | Reached XP level 3. HP: 16/20 MP: 5/7
  1839 | D:2      | Noticed Robin
  2225 | D:2      | Learned a level 3 spell: Spider Form
  2332 | D:2      | Reached skill level 4 in Unarmed Combat
  2339 | D:2      | Reached XP level 4. HP: 25/25 MP: 8/8
  2343 | D:2      | Killed Robin
  2462 | D:2      | Noticed Natasha
  2467 | D:2      | Killed Natasha
  2521 | D:2      | Noticed Natasha
  2531 | D:2      | Killed Natasha
  2531 | D:2      | Gained mutation: You can fly continuously. [Tengu growth]
  2531 | D:2      | Reached XP level 5. HP: 8/29 MP: 9/9
  2643 | D:2      | Noticed Natasha
  2649 | D:2      | Killed Natasha
  3292 | D:2      | Found a snail-covered altar of Cheibriados.
  3862 | D:3      | Reached XP level 6. HP: 24/34 MP: 10/10
  3911 | D:3      | Found a glowing drain.
  4034 | Sewer    | Entered a sewer
  4110 | Sewer    | Reached skill level 5 in Unarmed Combat
  4171 | Sewer    | Found a glowing silver altar of Zin.
  4296 | D:3      | Found a hide-covered altar of Uskayaw.
  4391 | D:3      | Reached skill level 5 in Transmutations
  4400 | D:3      | Reached XP level 7. HP: 8/38 MP: 8/11
  5913 | D:5      | Entered Level 5 of the Dungeon
  5958 | D:5      | Found a sand-covered staircase.
  6002 | D:5      | Reached skill level 6 in Unarmed Combat
  6153 | Ossuary  | Entered an ossuary
  6424 | Ossuary  | Reached XP level 8. HP: 41/43 MP: 12/12
  7253 | D:5      | Found a staircase to the Ecumenical Temple.
  7328 | Temple   | Entered the Ecumenical Temple
  7526 | Temple   | Became a worshipper of Hepliaklqana the Forgotten
  7631 | D:5      | Reached skill level 7 in Unarmed Combat
  7652 | D:5      | Noticed Duvessa
  7659 | D:5      | Noticed Dowan
  7665 | D:5      | Killed Duvessa
  7692 | D:5      | Killed Dowan
  7831 | D:5      | Identified the +2 ring mail of Evolution {+Blink rElec rC+}
  7883 | D:5      | Found an iron altar of Okawaru.
  8256 | D:5      | Noticed Ijyb
  8428 | D:5      | Found a sacrificial altar of Ru.
  8805 | D:5      | Learned a level 5 spell: Blade Hands
  8921 | D:5      | Killed Ijyb
  8921 | D:5      | Reached XP level 9. HP: 38/42 MP: 10/13
  9213 | D:6      | Reached skill level 8 in Unarmed Combat
  9293 | D:6      | Found Tiushrul's General Store.
  9437 | D:6      | Reached * piety under Hepliaklqana
  9438 | D:6      | Found an ancient bone altar of Kikubaaqudgha.
  9673 | D:6      | Identified Thaumaturgy for Beginners
  9733 | D:6      | Bought a scroll of blinking for 97 gold pieces
  9861 | D:6      | Noticed a cyclops
  9998 | D:7      | Found a runed translucent gate.
  9999 | D:7      | Found a runed translucent gate.
 10001 | D:7      | Found a runed translucent gate.
 10002 | D:7      | Noticed Kuinu's ghost (novice MiBe)
 10398 | D:7      | Noticed Pikel
 10530 | D:7      | Reached ** piety under Hepliaklqana
 10532 | D:7      | Remembered your ancestor Jabu as a hexer
 10666 | D:7      | Killed Pikel
 10666 | D:7      | Reached skill level 9 in Unarmed Combat
 10666 | D:7      | Reached XP level 10. HP: 26/50 MP: 12/14
 11149 | D:8      | Noticed a two-headed ogre
 11164 | D:8      | Killed a two-headed ogre
 11164 | D:8      | Reached skill level 5 in Dodging
 11401 | D:8      | Found a sparkling altar of Nemelex Xobeh.
 11665 | D:8      | Reached skill level 5 in Fighting
 12162 | D:9      | Noticed Grum
 12236 | D:9      | Killed Grum
 12744 | D:9      | Reached *** piety under Hepliaklqana
 13209 | D:9      | Found an opulent altar of Gozag.
 13429 | D:10     | Entered Level 10 of the Dungeon
 13488 | D:10     | Reached XP level 11. HP: 59/60 MP: 9/15
 13498 | D:10     | Learned a level 4 spell: Ice Form
 14010 | D:10     | Reached skill level 1 in Ice Magic
 14079 | D:10     | Found a staircase to the Orcish Mines.
 14320 | D:10     | Found a staircase to the Lair.
 15251 | D:11     | Found a blossoming altar of Fedhas.
 15255 | D:11     | Reached **** piety under Hepliaklqana
 15741 | D:11     | Noticed Fannar
 15764 | D:11     | Killed Fannar
 16082 | D:11     | Noticed Erolcha
 16090 | D:11     | Killed Erolcha
 16513 | Lair:1   | Entered Level 1 of the Lair of Beasts
 16801 | Lair:1   | Reached skill level 10 in Transmutations
 16895 | Lair:1   | Noticed Harold
 16908 | Lair:1   | Killed Harold
 17145 | Lair:1   | Reached ***** piety under Hepliaklqana
 17321 | Lair:1   | Reached XP level 12. HP: 66/66 MP: 14/19
 17827 | Lair:2   | Reached skill level 10 in Unarmed Combat
 18083 | Lair:2   | Noticed Sonja
 18096 | Lair:2   | Killed Sonja
 18615 | Lair:2   | Found a staircase to the Snake Pit.
 18615 | Lair:2   | Noticed Nergalle
 18642 | Lair:2   | Killed Nergalle
 18776 | Lair:2   | Reached skill level 11 in Unarmed Combat
 19136 | Lair:2   | Found a staircase to the Swamp.
 19142 | Lair:2   | Slain by a swamp worm

Illustrated notes

Levels and vault maps discovered:
D:1:      lightli_molten_gateway, layout_loops_ring, minmay_misc_feat_alley
D:2:      layout_loops_ring, marbit_many_paths, minmay_misc_feat_iff,
          uniq_robin, uniq_natasha
D:3:      layout_loops_ring, lemuel_coloured_pillars_altar,
          lightli_sewer_entry_pipes, nrook_mini_backslash
D:4:      layout_basic, minivault_14
D:5:      corexii_shantytown, layout_rooms, lemuel_crystal_altar,
          nicolae_ru_the_path_less_chosen, minmay_temple_entry_hall,
          nicolae_ossuary_entry_ruins, uniq_duvessa, uniq_ijyb
D:6:      layout_basic, kiku_gazebo_pond_becter, serial_shops,
          kennysheep_mini_moat
D:7:      layout_loops_corners, gammafunk_ghost_necromancy,
          kb_lookout_dungeons_type, uniq_pikel
D:8:      layout_basic, nemelex_xobeh_ov_fountains_minmay, minmay_fountain_box,
          eino_small_chamber_without_monster
D:9:      layout_cave_pods, overflow_temple_1_default, uniq_grum
D:10:     layout_big_octagon, lair_entry_dummy, erik_orc_2
D:11:     layout_stronghold, serial_column_ruins, column_ruins_square_large,
          column_ruins_hut, column_ruins_grid_1, column_ruins_grid_1,
          column_ruins_open_large, fedhas_bush_and_centaur_altar, uniq_fannar,
          uniq_erolcha
Temple:   regret_index_temple_generic_petals
Lair:1:   layout_roguey, chequers_serial_rivers_micro_d, uniq_harold
Lair:2:   layout_loops_ring, minmay_swamp_entry_worms,
          minmay_snake_entry_guardpost_large, ice2_lemuel, serial_bayou_shore_a,
          lemuel_fruit_fields, uniq_sonja, uniq_nergalle

Skill      XL: |  1  2  3  4  5  6  7  8  9 10 11 12 |
---------------+-------------------------------------+-----
Transmutations | 2 3 4 5 6 7 9 10 | 10.0
Unarmed Combat | 4 5 6 7 9 11 | 11.0
Dodging        | 3 8 9 |  9.4
Fighting       | 3 7 8 9 |  9.2
Ice Magic      | 4 |  4.0
Spellcasting   | 4 |  4.0

Action                   |  1- 3 |  4- 6 |  7- 9 | 10-12 || total
-------------------------+-------+-------+-------+-------++-------
Melee: Unarmed           |   108 |   193 |   464 |   563 ||  1328
       Kick              |    23 |    26 |    70 |    28 ||   147
       Headbutt          |     9 |    12 |    34 |     3 ||    58
       Peck              |     5 |    14 |    41 |    16 ||    76
       Punch             |       |     5 |     8 |     4 ||    17
 Cast: Beastly Appendage |    21 |    22 |    24 |     3 ||    70
       Spider Form       |       |     4 |    35 |    42 ||    81
       Blade Hands       |       |       |       |     1 ||     1
       Ice Form          |       |       |       |    21 ||    21
Invok: Recall Ancestor   |       |       |     3 |     3 ||     6
       Ancestor Life: He |       |       |     1 |       ||     1
 Abil: Fly               |       |       |     1 |       ||     1
  Use: Scroll            |     6 |     8 |     8 |     9 ||    31
       Potion            |       |       |     1 |     2 ||     3
 Stab: Distracted        |     1 |       |       |       ||     1
       Sleeping          |       |     1 |       |     1 ||     2
       Confused          |       |       |       |     3 ||     3
Armor: Robe              |    38 |    26 |    51 |     4 ||   119
       Skin              |       |     2 |     8 |    43 ||    53
Dodge: Dodged            |   112 |   158 |   354 |   663 ||  1287

Table legend: (Time is in decaauts)
 A = Elapsed time spent in this place.
 B = Non-inter-level travel time spent in this place.
 C = Inter-level travel time spent in this place.
 D = Time resting spent in this place.
 E = Time spent auto-exploring this place.
 F = Levels seen in this place.
 G = Mean time per level.
                   A        B        C        D        E       F      G
               +--------+--------+--------+--------+--------+-----+--------+
         Total |  18420 |  18017 |    403 |   2355 |  12536 |  16 | 1151.2 |
       Dungeon |  14602 |  14234 |    368 |   2017 |   9694 |  11 | 1327.5 |
        Temple |    201 |    171 |     30 |      0 |    169 |   1 |  201.0 |
          Lair |   2487 |   2483 |      4 |    132 |   2022 |   2 | 1243.5 |
         Sewer |    205 |    205 |      0 |      0 |    144 |   1 |  205.0 |
       Ossuary |    923 |    923 |      0 |    205 |    504 |   1 |  923.0 |
               +--------+--------+--------+--------+--------+-----+--------+

Top non-repeatable levels by time:
     D:1: 2102 daAuts
    D:10: 1752 daAuts
     D:5: 1748 daAuts
     D:2: 1585 daAuts
  Lair:2: 1385 daAuts
    D:11: 1163 daAuts
     D:9: 1142 daAuts
     D:3: 1105 daAuts
  Lair:1: 1102 daAuts
     D:7: 1032 daAuts
     D:8: 1030 daAuts
     D:4: 991 daAuts
     D:6: 946 daAuts
 Ossuary: 923 daAuts
   Sewer: 205 daAuts
